 Dungeon Crawl Stone Soup version 0.29.0-7-g18a832c13a (webtiles) character file.

Game seed: 8098841246692905438

208 Arum the Shield-Bearer (level 6, -1/43 (49) HPs)
             Began as a Formicid Fighter on Aug 30, 2022.
             Was an Initiate of Hepliaklqana.
             Slain by a quasit (2 damage)
             ... summoned by Eustachio
             ... on level 4 of the Dungeon.
             The game lasted 00:04:04 (3303 turns).

Arum the Shield-Bearer (Formicid Fighter)           Turns: 3303, Time: 00:04:05

HP:   -1/43 (49)    AC:  7    Str: 22      XL:     6   Next: 11%
MP:   6/6           EV:  9    Int:  8      God:    Hepliaklqana [......]
Gold: 96            SH:  5    Dex: 12 (13) Spells: 5/5 levels left

rFire   . . .      SeeInvis +   a - +0 quarterstaff
rCold   . . .      Faith    .   c - +0 buckler
rNeg    . . .      Spirit   .   b - +0 scale mail
rPois   .          Reflect  .   (helmet unavailable)
rElec   .          Harm     .   (no cloak)
rCorr   .          Rampage  .   (no gloves)
Will    .....                   (no boots)
Stlth   ..........              i - amulet of the acrobat
HPRegen 0.14/turn               (no ring)
MPRegen 0.10/turn               (no ring)

@: heavily drained
A: permanent stasis, dig shafts and tunnels, antennae 3, four strong arms
a: Dig, Shaft Self, Renounce Religion


You were on level 4 of the Dungeon.
You worshipped Hepliaklqana.
Hepliaklqana was noncommittal.
You visited 1 branch of the dungeon, and saw 4 of its levels.
You also visited: Sewer.

You collected 96 gold pieces.

Inventory:

Hand Weapons
 a - a +0 quarterstaff (weapon)
Armour
 b - a +0 scale mail (worn)
 c - a +0 buckler (worn)
Jewellery
 i - an amulet of the acrobat (around neck)
Scrolls
 g - 6 scrolls of identify {unknown}
 h - a scroll of amnesia {unknown}
 j - 2 scrolls of summoning {unknown}
 l - a scroll of silence {unknown}
 m - 2 scrolls of enchant armour {unknown}
 o - a scroll of fear {unknown}
 t - a scroll of noise {unknown}
 u - a scroll of magic mapping {unknown}
 x - a scroll of poison {unknown}
Potions
 d - 3 potions of might
 e - 2 potions of curing {unknown}
 f - 2 potions of brilliance {unknown}
 k - a potion of haste {unknown}
 n - a potion of degeneration {unknown}
 p - a potion of magic {unknown}
 q - a potion of mutation {unknown}
 r - 3 potions of heal wounds {unknown}
 s - a potion of cancellation {unknown}
 v - a potion of experience {unknown}
 w - 2 potions of resistance {unknown}


   Skills:
 + Level 4.4 Fighting
 + Level 3.3 Staves
 + Level 4.5 Armour
 + Level 5.3 Shields


You had 5 spell levels left.
You didn't know any spells.
Your spell library contained the following spells:

 Spells                   Type           Power      Damage    Failure   Level
 Ensorcelled Hibernation  Hex/Ice        0%         N/A       90%         2
 Poisonous Vapours        Pois/Air       0%         N/A       90%         2
 Dazzling Flash           Conj/Hex       0%         N/A       99%         3
 Spider Form              Tmut/Pois      0%         N/A       99%         3
 Anguish                  Hex/Necr       0%         N/A       100%        4
 Corpse Rot               Necr/Pois/Air  0%         N/A       100%        4
 Agony                    Necr           0%         N/A       100%        5
 Silence                  Hex/Air        0%         N/A       100%        5
 Chain Lightning          Conj/Air       0%         N/A       100%        9
 Fire Storm               Conj/Fire      0%         5d1       100%        9
 Shatter                  Erth           0%         3d5*      100%        9


Dungeon Overview and Level Annotations

Branches:
Dungeon (4/15)              Sewer (visited)
 Temple: D:4-7

Altars:
Hepliaklqana

Annotations:
D:4 Eustachio


Innate Abilities, Weirdness & Mutations

You cannot be hasted, slowed, berserked, paralysed or teleported.
You can dig through walls and to a lower floor.
You have a pair of large antennae on your head. (SInv)
Your four strong arms can wield two-handed weapons with a shield.


Message History

Eustachio is severely wounded.
Eustachio hits you but does no damage.
You hit Eustachio.
Eustachio is almost dead.
Eustachio closely misses you.
You hit Eustachio.
Eustachio is almost dead.
Eustachio hits you but does no damage.
You closely miss Eustachio.
Eustachio is almost dead.
Eustachio hits you with a +0 falchion.
You closely miss Eustachio.
Eustachio is almost dead.
Eustachio hits you with a +0 falchion.
* * * LOW HITPOINT WARNING * * *
Eustachio hits you with a +0 falchion!
* * * LOW HITPOINT WARNING * * *
You miss Eustachio.
Eustachio is almost dead.
Eustachio gestures wildly while chanting.
Eustachio blinks!
You hear a chilling moan.
You start resting.
A quasit comes into view.
The quasit closely misses you.
The quasit claws you but does no damage.
The quasit completely misses you.
You closely miss the quasit. The quasit closely misses you.
You block the quasit's attack. The quasit claws you.
* * * LOW HITPOINT WARNING * * *
You feel clumsy.
Unknown command.
Okay, then.
You miss the quasit.
The quasit bites you but does no damage.
The quasit claws you but does no damage. x2
The quasit bites you but does no damage.
The quasit claws you but does no damage. x2
You barely miss the quasit. The quasit barely misses you. The quasit claws you.
You die...

###.....
.......
#......
#.....
####....{
#...[!.#
#......###
#......#5##
#......{#@#
#...<..####
#......#
#......#
#......#
########


You could see a quasit (summoned).

Vanquished Creatures
  A kobold brigand (Sewer)
  5 adders
  A river rat (D:3)
  A worm (D:3)
  A dart slug (D:2)
  6 endoplasms
  7 giant cockroaches
  3 goblins
  3 hobgoblins
  7 jackals
  4 quokkas
  8 ball pythons
  5 bats
  4 frilled lizards
  18 kobolds
  10 rats
84 creatures vanquished.

Vanquished Creatures (others)
  A plant (Sewer)
1 creature vanquished.

Grand Total: 85 creatures vanquished

Notes
Turn   | Place    | Note
-------+----------+-------------------------------------------
     0 | D:1      | Arum the Formicid Fighter began the quest for the Orb.
     0 | D:1      | Reached XP level 1. HP: 18/18 MP: 1/1
   281 | D:1      | Reached XP level 2. HP: 21/24 MP: 2/2
   781 | D:2      | Reached XP level 3. HP: 22/29 MP: 3/3
  1286 | D:2      | Reached XP level 4. HP: 37/37 MP: 4/4
  1742 | D:3      | Found a glowing drain.
  1820 | Sewer    | Entered a sewer
  1930 | Sewer    | Reached XP level 5. HP: 36/41 MP: 5/5
  2126 | Sewer    | Reached skill level 5 in Shields
  2198 | Sewer    | Noticed a kobold brigand
  2213 | Sewer    | Killed a kobold brigand
  2332 | D:3      | Found a hazy altar of Hepliaklqana.
  2530 | D:3      | Became a worshipper of Hepliaklqana the Forgotten
  2572 | D:3      | Reached XP level 6. HP: 49/49 MP: 6/6
  3268 | D:4      | Noticed Eustachio
  3301 | D:4      | HP: 1/43 [quasit[Eustachio] (2)]
  3303 | D:4      | Slain by a quasit

Illustrated notes

Levels and vault maps discovered:
D:1:      lemuel_arrival_tunnels, layout_basic
D:2:      layout_rooms, minmay_ruptured
D:3:      layout_basic, nicolae_hepliaklqana_hazy_memory,
          gup_sewer_entry_bubbles
D:4:      layout_basic, grunt_temple_overflow_cloverleaf, lightli_minifort,
          uniq_eustachio

Skill      XL: |  1  2  3  4  5 |
---------------+----------------+-----
Armour         | 4 |  4.5
Fighting       | 4 |  4.4
Shields        | 5 |  5.3
Staves         | 3 |  3.3

Action                   |  1- 3 |  4- 6 || total
-------------------------+-------+-------++-------
Melee: Quarterstaff      |    84 |   206 ||   290
 Abil: Dig               |     2 |     5 ||     7
Armor: Scale mail        |    39 |    94 ||   133
Dodge: Dodged            |    47 |   108 ||   155
Block: Buckler           |    20 |    58 ||    78
